 Dungeon Crawl Stone Soup version 0.27-a0-1065-ge809cff456 (webtiles) character file.

Game seed: 10630557835436053477

53 siradein the Slasher (level 3, -8/31 HPs)
             Began as a Minotaur Fighter on Apr 22, 2021.
             Killed from afar by Sigmund (9 damage)
             ... with a puff of flame
             ... on level 4 of the Dungeon.
             The game lasted 00:11:20 (1720 turns).

siradein the Slasher (Minotaur Fighter)             Turns: 1720, Time: 00:11:20

Health: -8/31      AC:  6    Str: 20    XL:     3   Next: 64%
Magic:  2/2        EV:  7    Int:  5    God:
Gold:   141        SH:  9    Dex: 10    Spells: 2/2 levels left

rFire    . . .     SeeInvis .   a - +0 long sword
rCold    . . .     Faith    .   c - +0 kite shield
rNeg     . . .     Spirit   .   b - +0 scale mail
rPois    .         Reflect  .   (helmet restricted)
rElec    .         Harm     .   (no cloak)
rCorr    .         Rampage  .   (no gloves)
Will     .....                  (no boots)
Stlth    ..........             (no amulet)
HPRegen  0.10/turn              (no ring)
MPRegen  0.08/turn              (no ring)

@: no status effects
A: horns 2, retaliatory headbutt
a: no special abilities


You were on level 4 of the Dungeon.
You visited 1 branch of the dungeon, and saw 4 of its levels.

You collected 141 gold pieces.

Inventory:

Hand Weapons
 a - a +0 long sword (weapon)
Missiles
 j - 12 poisoned darts (quivered)
Armour
 b - a +0 scale mail (worn)
 c - a +0 kite shield (worn)
Scrolls
 f - a scroll of identify {unknown}
Potions
 d - a potion of might
 e - 2 potions of attraction {unknown}
 g - a potion of curing {unknown}
 h - a potion of flight {unknown}
 i - a potion of heal wounds {unknown}


   Skills:
 - Level 3.6 Fighting
 + Level 4.9 Long Blades
 - Level 3.6 Armour
 - Level 3.6 Shields


You had 2 spell levels left.
You didn't know any spells.
Your spell library was empty.

Dungeon Overview and Level Annotations

Branches:
Dungeon (4/15)
 Temple: D:4-7

Altars:

Annotations:
D:4 Sigmund


Innate Abilities, Weirdness & Mutations

You have a pair of horns on your head.
You reflexively headbutt those who attack you in melee.


Message History

Found 12 poisoned darts.
Found a ring mail.
You see here 12 poisoned darts.
j - 12 poisoned darts You now have 141 gold pieces (gained 5).
Sigmund the Dreaded comes into view.
He is wielding a +0 scythe and carrying a wand of flame (9).
Sigmund shouts!
You hear an angry hiss.
Sigmund casts a spell at you.
You are confused.
You bump into the rock wall.
You bump into the rock wall.
Sigmund zaps a wand.
The puff of flame hits you!
Sigmund breathes a few words.
Sigmund's hands start flickering wildly.
You bump into the rock wall.
You feel less confused.
Sigmund zaps a wand.
The puff of flame misses you.
Sigmund zaps a wand.
The puff of flame hits you! Sigmund casts a spell at you.
You resist with significant effort.
A ball python comes into view.
The ball python hisses angrily.
There is a stone staircase leading up here.
You climb upwards.
The worm bites you!
There is a stone staircase leading down here.
The hornet stings you but does no damage.
The worm bites you!
* * * LOW HITPOINT WARNING * * *
You climb downwards.
Level annotation: Sigmund The ball python barely misses you.
You furiously retaliate!
You headbutt the ball python!
You kill the ball python!
Sigmund zaps a wand.
The puff of flame misses you.
There is a stone staircase leading up here.
Sigmund points at himself and mumbles some strange words.
Sigmund flickers and vanishes!
Deactivating autopickup; reactivate with Ctrl-A.
A puff of flame appears from out of thin air!
The puff of flame hits you!
You die...

.......#.##.#.#..######
#####....#..#.#.#..##....
.........#..#.#.#..##.###
#................<.#
####.#......#..##..#
#.###..#.#..##..# #.#
#..#.#..##..#
#.####.#.#..##..#
####@.......#..##..#
#...w.####..#..##..##
#........#..#........
#......{.#.>#.###..##
#.....<†...........#.
####.....####.####.#.
#.....# #.# #.#.
......>.# #.# #.#.
####....# #.####.#.


You could see a worm.

Vanquished Creatures
  2 adders
  A dart slug (D:1)
  5 ball pythons
  5 endoplasms
  4 goblins
  A hobgoblin (D:2)
  3 quokkas
  2 bats (D:2)
  A frilled lizard (D:3)
  5 kobolds (D:2)
  A rat (D:1)
30 creatures vanquished.

Notes
Turn   | Place    | Note
-------+----------+-------------------------------------------
     0 | D:1      | siradein the Minotaur Fighter began the quest for the Orb.
     0 | D:1      | Reached XP level 1. HP: 19/19 MP: 0/0
    56 | D:1      | Reached skill level 3 in Long Blades
   260 | D:1      | Reached XP level 2. HP: 26/26 MP: 1/1
   363 | D:1      | Found a faded altar of an unknown god.
   426 | D:1      | Reached skill level 4 in Long Blades
   583 | D:2      | Reached XP level 3. HP: 31/31 MP: 2/2
  1498 | D:3      | Noticed a hornet
  1685 | D:4      | Noticed Sigmund
  1715 | D:3      | HP: 1/31 [worm (9)]
  1720 | D:4      | Killed from afar by Sigmund

Illustrated notes

Levels and vault maps discovered:
D:1:      wander_arrival_lonely_grave, layout_rooms,
          shapermc_ecumenical_altar_mp_urbaneastern
D:2:      layout_loops_corners
D:3:      layout_basic, roderic_lattice_a
D:4:      minmay_chambers_of_threes, layout_basic, uniq_robin, uniq_sigmund

Skill      XL: |  1  2 |
---------------+-------+-----
Long Blades    | 3 4 |  4.9
Fighting       | |  3.6
Armour         | |  3.6
Shields        | |  3.6

Action                   || total
-------------------------++-------
Melee: Long sword        ||    55
       Headbutt          ||     9
Armor: Scale mail        ||    18
Dodge: Dodged            ||    12
Block: Kite shield       ||    31
       Rpst.: Long sword ||     3

Table legend: (Time is in decaauts)
 A = Elapsed time spent in this place.
 B = Non-inter-level travel time spent in this place.
 C = Inter-level travel time spent in this place.
 D = Time resting spent in this place.
 E = Time spent auto-exploring this place.
 F = Levels seen in this place.
 G = Mean time per level.
                   A        B        C        D        E       F      G
               +--------+--------+--------+--------+--------+-----+--------+
         Total |   1744 |   1667 |     77 |      2 |   1402 |   4 |  436.0 |
       Dungeon |   1744 |   1667 |     77 |      2 |   1402 |   4 |  436.0 |
               +--------+--------+--------+--------+--------+-----+--------+

Top non-repeatable levels by time:
     D:2: 1063 daAuts
     D:1: 430 daAuts
     D:4: 195 daAuts
     D:3: 55 daAuts
